 Dungeon Crawl Stone Soup version 0.18-b1-22-ge198996 (webtiles) character file.

214 Zhenya25pyc the Covered (level 5, -7/33 HPs)
             Began as a Gargoyle Fighter on May 3, 2016.
             Mangled by a phantom (8 damage)
             ... on level 4 of the Dungeon.
             The game lasted 00:04:44 (2279 turns).

Zhenya25pyc the Covered (Gargoyle Fighter)          Turns: 2279, Time: 00:04:45

Health: -7/33      AC: 15    Str: 20    XL:     5   Next: 92%
Magic:  5/5        EV:  6    Int:  9    God:
Gold:   128        SH: 12    Dex:  9    Spells: 0 memorised, 4 levels left

rFire  . . .     SeeInvis .     a - +0 flail
rCold  . . .     Gourm    .     e - +4 ring mail
rNeg   + . .     Faith    .     x - -2 large shield
rPois  ∞         Spirit   .     h - +1 hat
rElec  +         Dismiss  .     (no cloak)
rCorr  .         Reflect  .     (no gloves)
SustAt +         Harm     +     (no boots)
MR     .....                    m - amulet of harm
Stlth  ..........               (no ring)
                                g - ring of sustain attributes

@: not resistant to hostile enchantments, extremely unstealthy
A: negative energy resistance 1, electricity resistance, unbreathing,
petrification resistance, rot immunity, AC +4
a: no special abilities


You were on level 4 of the Dungeon.
You were very hungry.

You visited 1 branch of the dungeon, and saw 4 of its levels.

You collected 128 gold pieces.

Inventory:

Hand Weapons
 a - a +0 flail (weapon)
Armour
 c - a +0 shield
 e - a +4 ring mail (worn)
 h - a +1 hat (worn)
 x - a -2 large shield (worn)
Jewellery
 g - a ring of sustain attributes (left hand)
 m - an amulet of harm (around neck)
Wands
 y - a wand of disintegration (14/24)
Scrolls
 b - 3 scrolls of identify {unknown}
 i - a scroll of teleportation {unknown}
 j - a scroll of remove curse
 n - a scroll of amnesia {unknown}
 p - a scroll of recharging {unknown}
 q - 2 scrolls of enchant weapon {unknown}
 r - a scroll of immolation {unknown}
 t - a scroll of fog {unknown}
 u - a scroll of random uselessness {unknown}
 v - a scroll of magic mapping {unknown}
 B - a scroll of noise {unknown}
Potions
 d - 2 potions of might
 o - 3 potions of lignification {unknown}
 s - a potion of cure mutation {unknown}
 w - a potion of heal wounds {unknown}
 A - a potion of curing {unknown}
 D - a potion of haste {unknown}
Comestibles
 f - 3 bread rations
 k - 3 beef jerkies
 l - a slice of pizza
 C - a meat ration


   Skills:
 + Level 4.1 Fighting
 * Level 4.0 Maces & Flails
 + Level 4.4 Armour
 + Level 4.2 Shields


You had 4 spell levels left.
You didn't know any spells.

Dungeon Overview and Level Annotations

Branches:
Dungeon (4/15)
 Temple: D:4-7

Altars:
Elyvilon
Fedhas
Nemelex Xobeh
Ru


Innate Abilities, Weirdness & Mutations

You are resistant to torment.
Your stone body is resilient (AC +4).
You are immune to poison.
You resist negative energy.
You are resistant to electric shocks.
You can survive without breathing.
You are immune to petrification.
You are immune to rotting.


Message History

You block the phantom's attack.
You sock the phantom!
The phantom is almost destroyed.
You block the phantom's attack.
You closely miss the phantom.
The phantom is almost destroyed.
The orc priest looks braver for a moment.
You block the phantom's attack.
You closely miss the phantom.
The phantom is almost destroyed.
The phantom hits you but does no damage.
The phantom closely misses you.
You closely miss the phantom.
The phantom is almost destroyed.
The phantom hits you.
* * * LOW HITPOINT WARNING * * *
Your shield prevents you from hitting the phantom.
The phantom is almost destroyed.
You block the phantom's attack. The phantom hits you!
You die...

#... .. . #.#.
.# .. #... .+
... ## #...
.##....
...#...##.....#.
................
#......(.....#
#.####.#.......
#(.)@Wo.#.o#.
######### ... .


You could see a phantom and an orc priest.

Vanquished Creatures
  A scorpion (D:4)
  4 gnolls (D:3)
  4 adders
  5 worms
  3 dart slugs
  2 giant geckos
  3 orcs
  2 ball pythons
  9 bats
  6 giant cockroaches
  5 goblins
  3 hobgoblins
  7 jackals
  5 giant newts
  6 kobolds
  8 rats
73 creatures vanquished.

Vanquished Creatures (others)
  A kobold (D:1)
  A rat (D:1)
2 creatures vanquished.

Grand Total: 75 creatures vanquished

Notes
Turn   | Place    | Note
--------------------------------------------------------------
     0 | D:1      | Zhenya25pyc the Gargoyle Fighter began the quest for the Orb.
     0 | D:1      | Reached XP level 1. HP: 14/14 MP: 1/1
    98 | D:1      | Reached XP level 2. HP: 19/19 MP: 2/2
   670 | D:2      | Reached XP level 3. HP: 23/23 MP: 3/3
   861 | D:2      | Found a sacrificial altar of Ru.
  1120 | D:2      | Found a sparkling altar of Nemelex Xobeh.
  1145 | D:2      | Found a white marble altar of Elyvilon.
  1348 | D:2      | Reached XP level 4. HP: 28/28 MP: 4/4
  1700 | D:3      | Reached XP level 5. HP: 31/33 MP: 5/5
  1757 | D:3      | Found a blossoming altar of Fedhas.
  2245 | D:4      | Noticed a phantom
  2278 | D:4      | HP: 1/33 [phantom (2)]
  2279 | D:4      | Mangled by a phantom

Skill      XL: |  1  2  3  4  5 |
---------------+----------------+-----
Maces & Flails | 3 4 |  4.0
Armour         | 4 |  4.4
Shields        | 4 |  4.2
Fighting       | 4 |  4.1

Action                   |  1- 3 |  4- 6 || total
-------------------------+-------+-------++-------
Melee: Flail             |   159 |   180 ||   339
  Use: Scroll            |       |     1 ||     1
  Eat: Chunk             |     1 |     3 ||     4
Armor: Scale mail        |    13 |       ||    13
       Ring mail         |    93 |    81 ||   174
Dodge: Dodged            |    91 |    49 ||   140
Block: Shield            |    94 |    12 ||   106
       Large shield      |       |   119 ||   119
